Map: King's Cove LE

Players

LiquidSnute (Snute) - Winner!

  • Race: Zerg Zerg
  • League: Grandmaster
  • Spawn Location: 11:00

Reynor

  • Race: Zerg Zerg
  • League: Master
  • Spawn Location: 5:00

Event: HomeStory Cup XIX

VOD

Have the link to the VOD?

Description

Time

  • Played on: June 27, 2019, 11:14 a.m.
  • Length: 12:28

All games in this series

Show
View Real Time Build Order
Export as new Build Order

LiquidSnute Zerg - Winner!

Build Orders: Hatch First 

Get SALT Encoding   

  12  0:00  Drone  
  13  0:12  Overlord  
  13  0:17  Drone  
  14  0:30  Drone x2  
  14  0:34  Drone  
  17  0:53  Hatchery  
  17  0:54  Drone  
  17  0:58  Drone  
  17  1:02  Extractor  
  17  1:14  Spawning Pool  
  17  1:17  Drone  
  17  1:20  Drone  
  18  1:28  Drone  
  19  1:38  Overlord  
  19  1:49  Drone  
  20  2:00  Queen  
  22  2:02  Metabolic Boost  
  22  2:04  Queen  
  22  2:06  Drone  
  25  2:09  Zergling x2  
  25  2:13  Zergling x2  
  28  2:15  Zergling x2  
  28  2:29  Drone x2  
  30  2:36  Queen  
  32  2:37  Drone  
  32  2:38  Drone  
  34  2:45  Overlord  
  34  2:54  Zergling x4  
  36  3:04  Zergling x4  
  38  3:06  Baneling Nest  
  38  3:09  Zergling x6  
  38  3:10  Zergling x2  
  41  3:13  Zergling x6  
  43  3:20  Zergling x2  
  44  3:31  Hatchery  
  43  3:35  Drone  
  43  3:36  Overlord  
  41  3:49  Zergling x6  
  41  3:52  Zergling x6  
  41  4:01  Zergling x4  
  42  4:07  Drone x3  
  42  4:08  Baneling x2  
  42  4:09  Baneling  
  43  4:27  Baneling  
  43  4:30  Drone x6  
  43  4:35  Zergling x6  
  43  4:43  Zergling x4  
  44  4:52  Zergling x8  
  48  4:54  Baneling x3  
  48  4:59  Zergling x4  
  50  5:03  Zergling x2  
  50  5:04  Baneling  
  50  5:05  Queen  
  50  5:06  Drone x2  
  52  5:12  Baneling x2  
  52  5:14  Drone x3  
  50  5:18  Baneling  
  48  5:26  Zergling x8  
  51  5:30  Zergling x2  
  51  5:35  Queen  
  51  5:36  Queen  
  51  5:37  Zergling x2  
  51  5:39  Overlord  
  54  5:44  Zergling x2  
  54  5:46  Baneling x2  
  54  5:47  Drone  
  56  5:55  Zergling x4  
  56  5:56  Extractor  
  57  6:00  Baneling x2  
  57  6:01  Drone x3  
  60  6:05  Evolution Chamber  
  60  6:09  Zergling x4  
  59  6:12  Zergling x2  
  59  6:13  Baneling  
  59  6:17  Zergling x6  
  56  6:19  Baneling  
  56  6:20  Zergling x4  
  48  6:26  Zergling x2  
  48  6:31  Zergling x4  
  51  6:34  Baneling  
  51  6:37  Queen  
  51  6:38  Queen x2  
  55  6:40  Zergling x2  
  55  6:42  Zergling x4  
  55  6:44  Baneling  
  55  6:46  Drone x2  
  56  6:47  Drone  
  56  6:49  Drone  
  56  6:56  Zergling x2  
  56  6:57  Baneling x2  
  56  6:58  Baneling x2  
  57  7:07  Zergling x6  
  56  7:09  Zergling x4  
  56  7:13  Zergling x2  
  56  7:15  Baneling x2  
  56  7:21  Zergling x4  
  56  7:26  Zergling x2  
  56  7:27  Baneling x2  
  56  7:29  Zergling x2  
  56  7:31  Baneling x2, Zergling x2  
  56  7:34  Baneling x2  
  54  7:37  Zergling x2  
  54  7:41  Drone  
  54  7:42  Drone  
  56  7:47  Roach Warren  
  56  7:48  Drone  
  56  7:51  Drone  
  56  7:52  Drone  
  56  7:54  Drone x3  
  56  7:56  Drone  
  62  7:59  Drone x4  
  62  8:04  Zerg Missile Weapons Level 1  
  64  8:06  Drone  
  64  8:08  Extractor, Overlord  
  63  8:14  Overlord x2  
  63  8:15  Drone x2  
  63  8:18  Overlord  
  65  8:25  Overlord  
  64  8:30  Drone x4  
  64  8:32  Lair  
  64  8:38  Drone x2  
  64  8:41  Extractor  
  63  8:42  Roach  
  63  8:46  Roach x2  
  69  8:49  Hatchery  
  69  8:51  Roach x2  
  69  8:52  Roach  
  74  8:58  Roach x2  
  77  9:10  Drone x7  
  77  9:11  Extractor  
  83  9:20  Hatchery  
  82  9:24  Roach x4  
  82  9:25  Roach x3  
  96  9:33  Roach x4  
  96  9:34  Roach  
  96  9:38  Overlord  
  106  9:39  Glial Reconstitution  
  106  9:40  Hatchery  
  106  9:43  Overlord  
  106  9:44  Overlord  
  105  9:47  Overseer  
  105  9:54  Overlord  
  105  9:58  Roach x4  
  113  10:01  Zerg Missile Weapons Level 2  
  113  10:08  Roach x4  
  113  10:12  Roach x2  
  113  10:13  Pneumatized Carapace  
  125  10:19  Overlord x3  
  125  10:21  Roach  
  127  10:29  Roach  
  127  10:30  Overlord  
  127  10:31  Overlord  
  129  10:38  Roach x5  
  139  10:43  Roach x3  
  139  10:46  Ravager x2  
  139  10:48  Ravager  
  148  10:52  Roach  
  148  10:55  Roach x2  
  154  10:59  Roach x3  
  160  11:07  Roach x4  
  160  11:11  Drone x4  
  158  11:27  Roach x8  
  162  11:33  Roach x3  
  162  11:40  Roach x3  
  166  11:50  Roach x5  
  166  12:01  Roach x4  
  164  12:02  Zergling x16  
  164  12:05  Roach  
Show
View Real Time Build Order
Export as new Build Order

Reynor Zerg 

Build Orders: Hatch First, Zergling Baneling 

Get SALT Encoding   

  12  0:00  Drone  
  13  0:12  Overlord  
  13  0:17  Drone  
  14  0:30  Drone x2  
  16  0:50  Hatchery  
  16  0:52  Drone  
  16  0:55  Drone  
  17  0:59  Drone  
  18  1:09  Extractor  
  17  1:14  Spawning Pool  
  17  1:18  Drone  
  17  1:21  Drone  
  18  1:27  Drone  
  19  1:38  Overlord  
  20  2:01  Zergling x4, Queen  
  20  2:02  Zergling x2, Queen  
  26  2:09  Metabolic Boost  
  26  2:12  Drone  
  27  2:16  Drone  
  27  2:21  Drone  
  29  2:25  Drone  
  30  2:42  Drone  
  30  2:43  Hatchery  
  30  2:46  Drone  
  30  2:53  Baneling Nest  
  30  2:56  Zergling x4  
  30  2:58  Zergling x2  
  32  3:04  Overlord  
  32  3:08  Zergling x2  
  32  3:09  Zergling x2  
  34  3:18  Zergling x2  
  35  3:21  Overlord  
  35  3:23  Zergling x2  
  35  3:24  Zergling x4  
  36  3:27  Zergling x2  
  36  3:29  Zergling x2  
  36  3:31  Zergling x2  
  39  3:40  Zergling x4  
  41  3:45  Zergling x4  
  41  3:46  Zergling x2  
  44  3:49  Baneling x3  
  44  3:51  Zergling x2  
  44  3:54  Zergling x2  
  40  3:56  Zergling x2  
  40  4:01  Baneling  
  40  4:02  Zergling x2  
  41  4:09  Zergling x4  
  42  4:10  Zergling x2  
  42  4:15  Zergling x4  
  42  4:16  Zergling x2  
  46  4:21  Overlord  
  46  4:26  Baneling x2  
  46  4:27  Zergling x4  
  43  4:38  Zergling x8  
  45  4:47  Zergling x4  
  45  4:48  Zergling x2  
  47  4:53  Zergling x6  
  47  4:56  Baneling x3  
  47  5:01  Zergling x4  
  47  5:04  Zergling x2  
  48  5:10  Zergling x2  
  45  5:21  Zergling x6  
  45  5:27  Zergling x4  
  44  5:29  Baneling  
  44  5:30  Baneling, Zergling x6  
  44  5:31  Zergling x2  
  44  5:33  Zergling x2  
  43  5:36  Zergling x2  
  43  5:40  Zergling x2  
  45  5:46  Zergling x4  
  45  5:47  Zergling x2  
  48  5:52  Baneling  
  48  5:54  Baneling  
  48  5:55  Zergling x2  
  48  5:56  Zergling x4  
  51  6:00  Zergling x2  
  49  6:14  Zergling x12  
  49  6:17  Baneling  
  52  6:21  Zergling x4  
  50  6:28  Zergling x6  
  50  6:32  Zergling x2  
  49  6:40  Zergling x8  
  49  6:43  Zergling x2  
  54  6:49  Zergling x4  
  55  6:58  Drone x3  
  55  7:00  Baneling x2  
  56  7:04  Drone x2  
  56  7:12  Drone x2  
  56  7:14  Drone  
  51  7:16  Baneling x2  
  47  7:26  Drone x5  
  47  7:28  Drone  
  50  7:39  Queen  
  50  7:42  Baneling x2  
  50  7:44  Drone x5  
  56  7:46  Zergling x2, Extractor  
  56  7:53  Zergling x2  
  56  7:54  Zergling x4  
  56  7:55  Drone x2  
  61  8:01  Roach Warren  
  61  8:02  Extractor  
  61  8:04  Drone x3  
  60  8:06  Baneling  
  60  8:07  Baneling  
  60  8:08  Zergling x2  
  60  8:09  Zergling x2  
  62  8:14  Baneling  
  62  8:16  Drone x4  
  65  8:20  Overlord  
  65  8:28  Overlord  
  64  8:38  Drone x8  
  64  8:39  Evolution Chamber  
  70  8:43  Extractor  
  70  8:47  Lair  
  69  8:50  Extractor  
  69  8:51  Drone x3  
  71  8:58  Overlord  
  71  8:59  Drone x2  
  71  9:00  Drone x3  
  75  9:10  Zerg Missile Weapons Level 1  
  75  9:11  Extractor  
  75  9:13  Drone x2, Evolution Chamber  
  75  9:16  Hatchery  
  75  9:17  Pneumatized Carapace  
  74  9:18  Roach  
  76  9:26  Roach x4  
  81  9:32  Roach x3  
  81  9:38  Roach x2  
  90  9:45  Overseer  
  90  9:47  Overlord x3  
  90  9:48  Overseer  
  90  9:51  Zerg Ground Armor Level 1  
  90  9:57  Glial Reconstitution  
  90  9:59  Overlord  
  90  10:07  Roach x4  
  90  10:08  Roach x2  
  90  10:13  Roach x2  
  106  10:17  Roach x3  
  106  10:18  Ravager  
  113  10:22  Roach  
  113  10:23  Roach  
  113  10:26  Roach x2  
  121  10:30  Drone x3  
  121  10:31  Drone  
  121  10:34  Roach  
  127  10:36  Ravager  
  127  10:41  Overlord  
  128  10:43  Overlord  
  128  10:51  Overlord  
  128  11:00  Ravager  
  128  11:04  Ravager, Roach  
  130  11:05  Roach x6  
  130  11:10  Roach  
  145  11:13  Roach x2  
  145  11:14  Roach x3  
  148  11:18  Roach x2  
  148  11:19  Roach  
  139  11:27  Roach x8  
  139  11:30  Roach  
  133  11:33  Roach x2  
  133  11:37  Roach x2  
  126  11:44  Roach x4  
  125  11:48  Roach x3  
  131  11:54  Roach x3  
  131  11:56  Roach  
  131  12:00  Roach  
  125  12:01  Roach  
  125  12:04  Roach x2  
  125  12:05  Roach  
Tags
 
Add a new tag
Caveats
  • Supply blocks, unpowered buildings, or Contaminate may cause inaccurate times.
  • Supply counts are checked every 10 seconds.